 Dungeon Crawl Stone Soup version 0.19.1-1-g22dce08 (console) character file.

7878 Kloppie the Carver (level 11, -4/91 HPs)
             Began as a White Draconian Berserker on Jan 1, 2017.
             Was a High Priest of Trog.
             Slain by a yak (12 damage)
             ... on level 11 of the Dungeon.
             The game lasted 00:14:33 (10991 turns).

Kloppie the Carver (White Draconian Berserker)     Turns: 10991, Time: 00:14:34

Health: -4/91      AC: 10    Str: 21    XL:     11   Next: 2%
Magic:  11/11      EV: 16    Int:  7    God:    Trog [*****.]
Gold:   514        SH:  0    Dex: 13    Spells: 0 memorised, 10 levels left

rFire  . . .     SeeInvis +     a - +0 scimitar
rCold  + . .     Gourm    .     (armour unavailable)
rNeg   . . .     Faith    .     (no shield)
rPois  .         Spirit   .     (helmet restricted)
rElec  .         Reflect  .     d - +2 cloak
rCorr  .         Harm     .     (no gloves)
MR     .....                    (no boots)
Stlth  +.........               (no amulet)
                                (no ring)
                                c - ring of see invisible

@: exhausted, slowed, very slow
A: breathe frost, unfitting armour, cold resistance 1, cold-blooded, AC +7
a: Breathe Frost, Berserk, Trog's Hand, Brothers in Arms, Burn Spellbooks,
Renounce Religion


You were on level 11 of the Dungeon.
You worshipped Trog.
Trog was extremely pleased with you.
You were very hungry.

You visited 1 branch of the dungeon, and saw 11 of its levels.
You also visited: Sewer.

You collected 578 gold pieces.
You spent 64 gold pieces at shops.

Inventory:

Hand Weapons
 a - a +0 scimitar (weapon)
 f - a +2 great sword of slicing
 z - a +0 falchion
Armour
 d - a +2 cloak (worn)
Jewellery
 c - a ring of see invisible (left hand)
 o - an uncursed ring of fire
Wands
 n - a wand of iceblast (5/15)
 p - a wand of flame (24/48)
 r - a wand of teleportation (2/9)
 G - a wand of paralysis (9/24)
Scrolls
 h - 6 scrolls of remove curse
 m - a scroll of recharging
 t - 3 scrolls of enchant weapon
 w - a scroll of noise
 x - a scroll of fog
 y - 5 scrolls of teleportation
 A - 2 scrolls of blinking
 B - 3 scrolls of fear
 D - a scroll of summoning
 E - a scroll of holy word
 F - a scroll of torment {unknown}
Potions
 e - 4 potions of curing
 i - a potion of might
 j - a potion of berserk rage
 k - 2 potions of heal wounds
 s - a potion of invisibility
 C - 5 potions of flight
 H - a potion of lignification {unknown}
Comestibles
 b - 5 bread rations
 g - 8 royal jellies
 l - 2 slices of pizza
 q - 3 beef jerkies
 u - a meat ration
 v - 4 fruits


   Skills:
 - Level 6.6 Fighting
 - Level 14.0 Long Blades
 + Level 7.4 Dodging


You had 10 spell levels left.
You didn't know any spells.

Dungeon Overview and Level Annotations

Branches:
Dungeon (11/15)            Temple (0/1) D:5            Lair (0/6) D:10
    Orc (0/2) D:10

Altars:

Shops:
D:5 (   D:6 *

Portals:
Trove: D:10 (give 7 potions of agility)


Innate Abilities, Weirdness & Mutations

You can breathe waves of freezing cold.
You can buffet flying creatures when you breathe cold.
Your icy white scales are hard. (AC +7)
You cannot fit into any form of body armour.
Your flesh is cold resistant. (rC+)
You are cold-blooded and may be slowed by cold attacks.


Message History

The yak gores you.
* * * LOW HITPOINT WARNING * * *
You barely miss the yak. The yak misses you.
You riposte.
You slash the yak!
You tail-slap the yak, but do no damage.
The yak is moderately wounded.
You barely miss the yak.
The yak is moderately wounded.
The yak misses you.
You barely miss the yak.
The yak is moderately wounded.
The yak barely misses you.
You slash the yak! You tail-slap the yak.
The yak is heavily wounded.
The yak barely misses you.
You riposte.
You barely miss the yak.
The yak is heavily wounded.
You closely miss the yak.
The yak is heavily wounded.
The yak misses you. The yak gores you!
You die...

###.#<..........)......#
...........#####.........#
+########'.# #########.#
.......#.# #.# +####+.#.#
#.# #.#.# #.# #.#.#
##########.# #.#.#
#.....>..<.# #.#@#
#.########## +.#Y# #.#
####### #Y# #.# #.)....
YY####.#####.#####
..Y.........#.#
...#####.###.#.# .... #.#
#.#.# ..... #.# #.#.#
......#####.###.#.#


You could see 5 yaks.

Vanquished Creatures
  An ugly thing (D:11)
  A troll (D:9)
  A queen bee (D:8)
  A hippogriff (D:11)
  A vampire (D:11)
  A wraith (D:11)
  Grum (D:9)
  2 steam dragons (D:7)
  2 hungry ghosts
  A soldier ant (D:11)
  Edmund (D:5)
  A water moccasin (D:10)
  An orc warrior (D:6)
  6 sky beasts
  A black bear (D:10)
  3 phantoms
  4 ice beasts
  4 wolves (D:9)
  5 ogres
  6 centaurs
  A crocodile (D:8)
  2 big kobolds (D:10)
  A wyvern zombie (D:11)
  6 bullfrogs
  A water moccasin zombie (D:8)
  3 scorpions
  12 killer bees (D:8)
  4 wights (D:11)
  5 howler monkeys
  4 crimson imps
  A jelly (D:9)
  5 hounds
  3 bullfrog skeletons
  4 orc priests
  Crazy Yiuf (D:3)
  Natasha (thrice) (D:3)
  4 orc wizards
  3 worker ants
  6 ogre zombies (D:10)
  A worker ant zombie (D:6)
  A howler monkey zombie (D:5)
  15 adders
  3 gnolls (D:3)
  4 shadow imps
  2 oozes
  2 adder zombies (D:8)
  5 worms
  4 dart slugs
  2 leopard geckos
  26 orcs
  2 ball pythons
  7 giant cockroaches
  5 hobgoblins (D:1)
  20 jackals
  8 quokkas
  11 bats
  4 frilled lizards
  7 goblins
  A goblin skeleton (D:10)
  A goblin zombie (D:10)
  4 hobgoblin zombies (D:10)
  A jackal zombie (D:5)
  20 kobolds
  A leopard gecko skeleton (D:4)
  A leopard gecko zombie (D:7)
  2 orc skeletons (D:10)
  11 orc zombies (D:10)
  A quokka skeleton (D:4)
  7 rats
292 creatures vanquished.

Vanquished Creatures (others)
  An orc (D:11)
1 creature vanquished.

Grand Total: 293 creatures vanquished

Notes
Turn   | Place    | Note
-------+----------+-------------------------------------------
     0 | D:1      | Kloppie the Draconian Berserker began the quest for the Orb.
     0 | D:1      | Reached XP level 1. HP: 19/19 MP: 1/1
   137 | D:1      | Reached XP level 2. HP: 16/26 MP: 2/2
   204 | D:1      | Reached skill level 4 in Long Blades
   233 | D:1      | Reached ** piety under Trog
   328 | D:1      | Reached XP level 3. HP: 31/31 MP: 3/3
  1026 | D:2      | Reached skill level 5 in Long Blades
  1026 | D:2      | Reached XP level 4. HP: 38/38 MP: 4/4
  1340 | D:3      | Noticed Natasha
  1347 | D:3      | Killed Natasha
  1483 | D:3      | Reached *** piety under Trog
  1521 | D:3      | Reached XP level 5. HP: 45/45 MP: 5/5
  1588 | D:3      | Reached skill level 6 in Long Blades
  1847 | D:3      | Noticed Natasha
  1853 | D:3      | Killed Natasha
  1916 | D:3      | Noticed Natasha
  1926 | D:3      | Killed Natasha
  2083 | D:3      | Found a runed door.
  2232 | D:3      | Noticed Crazy Yiuf
  2236 | D:3      | Killed Crazy Yiuf
  2236 | D:3      | Reached XP level 6. HP: 51/51 MP: 6/6
  2384 | D:4      | Reached skill level 7 in Long Blades
  3179 | D:5      | Entered Level 5 of the Dungeon
  3179 | D:5      | Found Tuenuu's Weapon Boutique.
  3262 | D:5      | Reached **** piety under Trog
  3262 | D:5      | Reached skill level 8 in Long Blades
  3308 | D:5      | Found a glowing drain.
  3322 | Sewer    | Entered a sewer
  3328 | Sewer    | Your scales start taking on an icy white colour.
  3328 | Sewer    | Reached XP level 7. HP: 48/57 MP: 7/7
  3328 | Sewer    | Gained mutation: Your flesh is cold resistant. (rC+) [White Draconian growth]
  4150 | D:5      | Found a staircase to the Ecumenical Temple.
  4316 | D:5      | Noticed Edmund
  4326 | D:5      | Killed Edmund
  4326 | D:5      | Reached skill level 9 in Long Blades
  4830 | D:6      | Reached XP level 8. HP: 63/63 MP: 8/8
  4844 | D:6      | Reached skill level 10 in Long Blades
  5128 | D:6      | Found Goulev's Assorted Antiques.
  5137 | D:6      | Bought a scroll labeled OCYLIA ALOUKUOTU for 32 gold pieces
  5137 | D:6      | Bought a scroll labeled LUCINU KIHA for 32 gold pieces
  5175 | D:6      | You fall through a shaft!
  5209 | D:7      | Reached skill level 11 in Long Blades
  6030 | D:7      | Reached XP level 9. HP: 73/73 MP: 9/9
  6078 | D:7      | Reached skill level 5 in Fighting
  6179 | D:7      | Reached ***** piety under Trog
  6732 | D:8      | Reached skill level 12 in Long Blades
  6925 | D:8      | Noticed a queen bee
  7298 | D:8      | Reached skill level 13 in Long Blades
  7540 | D:8      | Killed a queen bee
  7663 | D:8      | Reached XP level 10. HP: 61/84 MP: 10/10
  8612 | D:9      | Noticed Grum
  8631 | D:9      | Killed Grum
  8636 | D:9      | Reached skill level 14 in Long Blades
  9174 | D:10     | Entered Level 10 of the Dungeon
  9289 | D:10     | Found a portal to a secret trove of treasure.
  9392 | D:10     | Found a staircase to the Orcish Mines.
  9451 | D:10     | Received a gift from Trog
  9609 | D:10     | Reached skill level 5 in Dodging
 10057 | D:10     | Found a staircase to the Lair.
 10846 | D:11     | Noticed a cyan ugly thing
 10855 | D:11     | Killed a cyan ugly thing
 10968 | D:11     | Reached XP level 11. HP: 41/91 MP: 11/11
 10991 | D:11     | Slain by a yak

Skill      XL: |  1  2  3  4  5  6  7  8  9 10 |
---------------+-------------------------------+-----
Long Blades    | 4 5 6 8 9 11 13 14 | 14.0
Fighting       | 4 6 |  6.6
Dodging        | 7 |  7.4

Action                   |  1- 3 |  4- 6 |  7- 9 | 10-12 || total
-------------------------+-------+-------+-------+-------++-------
Melee: Falchion          |   108 |   207 |    89 |       ||   404
       Tailslap          |    15 |    25 |    57 |    71 ||   168
       Scimitar          |       |       |   244 |   401 ||   645
Invok: Berserk           |       |     5 |     6 |     3 ||    14
 Abil: Breathe Frost     |       |       |     1 |     2 ||     3
  Use: Scroll            |       |       |    14 |     1 ||    15
       Potion            |       |       |     9 |     1 ||    10
 Stab: Distracted        |     1 |       |     1 |     1 ||     3
       Sleeping          |       |     1 |     4 |     2 ||     7
  Eat: Chunk             |     1 |    11 |     9 |    12 ||    33
       Bread ration      |       |       |     3 |       ||     3
       Royal jelly       |       |       |     1 |       ||     1
       Fruit             |       |       |       |     1 ||     1
Armor: Skin              |    49 |    77 |   105 |    83 ||   314
Dodge: Dodged            |    78 |   122 |   194 |   213 ||   607
       Rpst.: Falchion   |    29 |    32 |    34 |       ||    95
       Scimitar          |       |       |    47 |    68 ||   115
